[Event "DEN-ch 2019"]
[Site "Svendborg"]
[Date "2019.04.13"]
[Round "1.1"]
[White "Antonsen, Mikkel"]
[Black "Aabling-Thomsen, Jakob"]
[Result "1-0"]
[ECO "E81"]
[WhiteElo "2426"]
[BlackElo "2358"]
[Annotator "ChessBase"]
[PlyCount "99"]
[EventDate "2019.04.13"]
[EventType "tourn"]
[EventCountry "DEN"]
[SourceTitle "playchess.com"]
[Source "ChessBase"]
[SourceQuality "1"]
[TimeControl "40/5400+30:1800+30"]

1. d4 Nf6 2. c4 g6 3. Nc3 Bg7 4. e4 d6 5. f3 O-O 6. Nge2 c5 7. d5 e6 8. Ng3 exd5 9. cxd5 a6 10. a4 Ne8 11. Be3 h5 12. Be2 h4 13. Nf1 Nd7 14. Qd2 h3 15. g4 Qh4+ 16. Ng3 Qh8 17. O-O Ne5 18. g5 Nc7 19. f4 Ng4 20. Bxg4 Bxg4 21. f5 Be5 22. Bf4 Bd4+ 23. Kh1 Rad8 24. Bxd6 Rxd6 25. Qf4 gxf5 26. Qxd6 Be5 27. Qxc5 Bxg3 28. hxg3 Qe5 29. Qe3 fxe4 30. Qf4 Qxf4 31. Rxf4 Bf3+ 32. Kh2 Rd8 33. Rf5 Ne8 34. Re5 Nd6 35. b3 Kg7 36. Rc1 Kg6 37. Nb1 Rd7 38. Nd2 Bg2 39. Nc4 Nf5 40. Rd1 b5 41. Re6+ Kxg5 42. Ne5 Ra7 43. Re8 Ne3 44. Rd4 f6 45. d6 Rh7 46. Rd1 Nxd1 47. Re7 Rxe7 48. dxe7 fxe5 49. e8=Q Ne3 50. Qxe5+ 1-0

[Event "DEN-ch 2019"]
[Site "Svendborg"]
[Date "2019.04.14"]
[Round "2.4"]
[White "Olsen, Filip Boe"]
[Black "Teplyi, Igor"]
[Result "0-1"]
[ECO "E32"]
[WhiteElo "2414"]
[BlackElo "2418"]
[Annotator "NA"]
[PlyCount "123"]
[EventDate "2019.04.13"]
[EventType "tourn"]
[EventCountry "DEN"]
[SourceTitle "playchess.com"]
[Source "ChessBase"]
[SourceQuality "1"]
[TimeControl "40/5400+30:1800+30"]

1. d4 Nf6 2. c4 e6 3. Nc3 Bb4 4. Qc2 O-O 5. Nf3 c5 6. dxc5 Na6 7. g3 Nxc5 8. Bg2 Nce4 9. O-O Nxc3 10. bxc3 Be7 11. e4 d6 12. e5 dxe5 13. Nxe5 Qc7 14. Qe2 Nd7 15. Bf4 Nxe5 16. Bxe5 Bd6 17. Rfe1 {[%emt 0:05:06] LiveBook: 47 Games} Rb8 18. Rad1 Bxe5 $1 19. Qxe5 Qxe5 20. Rxe5 b6 21. c5 Ba6 $11 22. Rd7 Rfd8 23. Rxd8+ Rxd8 24. Bc6 Rd1+ 25. Kg2 Bf1+ 26. Kf3 Rd3+ 27. Re3 bxc5 28. Be4 Rxe3+ 29. Kxe3 Bc4 30. a3 h6 31. h4 Kf8 32. Bd3 Bd5 33. Kf4 Ke7 34. g4 f6 35. g5 Bc6 36. Bg6 e5+ 37. Kf5 Ba4 38. gxf6+ gxf6 39. Kg4 Bd1+ 40. f3 Ke6 41. Be4 Be2 42. Bc2 Kd5 43. Bb3+ c4 44. Bc2 Bd3 45. Ba4 f5+ 46. Kg3 e4 47. Kf4 exf3 48. Kxf3 Ke5 49. Ke3 Be4 50. Bb5 Bd5 51. Ba4 f4+ 52. Kf2 Kf5 53. h5 Bf7 54. Bd1 Kg5 55. Bf3 Kh4 56. Be2 Bd5 57. Bd1 Kg5 58. Be2 f3 59. Bf1 Kxh5 60. Bh3 Kg5 61. Ke3 Kh4 62. Kd4 0-1

[Event "DEN-ch 2019"]
[Site "Svendborg"]
[Date "2019.04.15"]
[Round "3.1"]
[White "Hansen, Sune Berg"]
[Black "Antonsen, Mikkel"]
[Result "1-0"]
[ECO "A13"]
[WhiteElo "2590"]
[BlackElo "2426"]
[Annotator "ChessBase"]
[PlyCount "119"]
[EventDate "2019.04.13"]
[EventType "tourn"]
[EventCountry "DEN"]
[SourceTitle "playchess.com"]
[Source "ChessBase"]
[SourceQuality "1"]
[TimeControl "40/5400+30:1800+30"]

1. c4 e6 2. Nf3 Nf6 3. Nc3 d5 4. e3 b6 5. b3 Bb7 6. Bb2 Bd6 7. cxd5 exd5 8. Nb5 Be7 9. Be5 Na6 10. Nbd4 O-O 11. Nc6 Bxc6 12. Bxa6 Nd7 13. Bb2 Nc5 14. Be2 Bb7 15. Qc2 Ne6 16. Bd3 h6 17. O-O Bd6 18. Bh7+ Kh8 19. Bf5 Qe7 20. Rac1 a5 21. a4 Nc5 22. Qc3 Rg8 23. Rfe1 Ne4 24. Qc2 Rae8 25. d3 Ng5 26. Nd4 c5 27. Nb5 d4 28. f4 Ne6 29. Qf2 dxe3 30. Rxe3 Bxf4 31. Rxe6 Bxh2+ 32. Kxh2 fxe6 33. Bg6 Ref8 34. Qg3 Bd5 35. Re1 Rf6 36. Be4 Bxe4 37. Rxe4 Rf5 38. Nd6 Rg5 39. Qf4 Rf8 40. Rxe6 Rxf4 41. Rxe7 Kh7 42. Ne4 Rg6 43. Rd7 Rf1 44. Be5 h5 45. g3 Rf5 46. Bc3 Kg8 47. Kh3 Rf1 48. Be5 Rh1+ 49. Kg2 Rb1 50. Kf3 Rf1+ 51. Ke3 Rf8 52. Rb7 Re8 53. Bf4 Rc6 54. Rd7 Rce6 55. Rd5 g6 56. Kf3 Kg7 57. Bg5 Rf8+ 58. Kg2 Rf5 59. Rd7+ Rf7 60. Bh6+ 1-0

[Event "DEN-ch 2019"]
[Site "Svendborg"]
[Date "2019.04.15"]
[Round "3.2"]
[White "Thybo, Jesper Sondergaard"]
[Black "Aabling-Thomsen, Jakob"]
[Result "0-1"]
[ECO "E71"]
[WhiteElo "2513"]
[BlackElo "2358"]
[Annotator "ChessBase"]
[PlyCount "88"]
[EventDate "2019.04.13"]
[EventType "tourn"]
[EventCountry "DEN"]
[SourceTitle "playchess.com"]
[Source "ChessBase"]
[SourceQuality "1"]
[TimeControl "40/5400+30:1800+30"]

1. d4 Nf6 2. c4 g6 3. Nc3 Bg7 4. e4 d6 5. h3 O-O 6. Be3 c5 7. Nf3 cxd4 8. Nxd4 Nc6 9. Be2 Nxd4 10. Bxd4 Bd7 11. O-O Bc6 12. Qc2 a5 13. Rad1 Qc7 14. Nd5 Bxd5 15. exd5 Nd7 16. Bxg7 Kxg7 17. Rd3 Kg8 18. Re3 Rfe8 19. Qc3 a4 20. Re1 Qa5 21. Qc1 Nf6 22. Bf1 Kf8 23. R3e2 Rac8 24. Qh6+ Kg8 25. Rxe7 Qxe1 26. Rxe1 Rxe1 27. Qf4 Ne4 28. f3 g5 29. Qh2 Nd2 30. Qxd6 Rxf1+ 31. Kh2 Re1 32. Qf6 h6 33. d6 Rf8 34. Qxh6 Nf1+ 35. Kg1 Re6 36. Qxg5+ Rg6 37. Qe7 Re6 38. Qc7 Re1 39. Kf2 Rfe8 40. f4 R8e2+ 41. Kf3 Re3+ 42. Kg4 Rg3+ 43. Kh5 Kg7 44. Qc5 Re8 0-1

[Event "DEN-ch 2019"]
[Site "Svendborg"]
[Date "2019.04.15"]
[Round "3.3"]
[White "Chatalbashev, Boris"]
[Black "Bjerre, Jonas Buhl"]
[Result "1-0"]
[ECO "E21"]
[WhiteElo "2521"]
[BlackElo "2470"]
[Annotator "ChessBase"]
[PlyCount "111"]
[EventDate "2019.04.13"]
[EventType "tourn"]
[EventCountry "DEN"]
[SourceTitle "playchess.com"]
[Source "ChessBase"]
[SourceQuality "1"]
[TimeControl "40/5400+30:1800+30"]

1. d4 Nf6 2. c4 e6 3. Nc3 Bb4 4. Nf3 c5 5. g3 cxd4 6. Nxd4 O-O 7. Bg2 d5 8. cxd5 Nxd5 9. Qb3 Qb6 10. Bxd5 exd5 11. Be3 Nc6 12. Nxc6 Bxc3+ 13. Qxc3 Qxc6 14. Qxc6 bxc6 15. Rc1 Bd7 16. Kd2 a5 17. Rc5 a4 18. Bd4 f6 19. f3 Kf7 20. Rhc1 Rfb8 21. g4 h5 22. h3 Rb4 23. Kd3 Rbb8 24. Rg1 hxg4 25. hxg4 Rh8 26. g5 Rh2 27. gxf6 gxf6 28. Re1 Rh4 29. Kc3 Rh2 30. Kb4 Re8 31. e3 Rh4 32. Rcc1 Rh3 33. f4 Rb8+ 34. Ka3 Rb5 35. Rh1 Rxh1 36. Rxh1 c5 37. Rh7+ Kg6 38. Rxd7 cxd4 39. exd4 Kf5 40. Ra7 Kxf4 41. Rxa4 Rb8 42. Ra6 Ke4 43. Rxf6 Ra8+ 44. Kb4 Rb8+ 45. Kc5 Rc8+ 46. Rc6 Rxc6+ 47. Kxc6 Kxd4 48. a4 Kc4 49. a5 d4 50. a6 d3 51. a7 d2 52. a8=Q d1=Q 53. Qg8+ Kb4 54. Qb8+ Kc4 55. Qb5+ Kd4 56. Qd5+ 1-0

[Event "DEN-ch 2019"]
[Site "Svendborg"]
[Date "2019.04.15"]
[Round "3.4"]
[White "Teplyi, Igor"]
[Black "Rasmussen, Allan Stig"]
[Result "0-1"]
[ECO "A81"]
[WhiteElo "2418"]
[BlackElo "2541"]
[Annotator "ChessBase"]
[PlyCount "94"]
[EventDate "2019.04.13"]
[EventType "tourn"]
[EventCountry "DEN"]
[SourceTitle "playchess.com"]
[Source "ChessBase"]
[SourceQuality "1"]
[TimeControl "40/5400+30:1800+30"]

1. d4 f5 2. g3 Nf6 3. Bg2 g6 4. Nf3 Bg7 5. O-O O-O 6. b3 d6 7. Bb2 c6 8. c4 Na6 9. Qc2 Re8 10. a3 Qc7 11. Nfd2 e5 12. dxe5 dxe5 13. e4 Nc5 14. Nc3 Qd8 15. Rad1 Qd3 16. Qxd3 Nxd3 17. Ba1 Be6 18. exf5 gxf5 19. Nf3 Rad8 20. Nh4 h5 21. Rb1 Bh6 22. h3 Kf7 23. b4 e4 24. f4 Bf8 25. Nd1 Bxc4 26. Ne3 Be6 27. Rfd1 a5 28. Kh2 axb4 29. axb4 Ba2 30. b5 Bxb1 31. Rxb1 Nd5 32. Nhxf5 Nxe3 33. Nxe3 Bc5 34. Nc4 e3 35. Bf3 Rd5 36. bxc6 bxc6 37. Be5 Nxe5 38. fxe5 Ra8 39. Bxh5+ Ke7 40. Rb2 Ra4 41. Rc2 Rd8 42. Kg2 Rf8 43. Nd6 Bxd6 44. exd6+ Kxd6 45. Bf3 c5 46. Re2 Ra3 47. h4 Rd3 0-1

[Event "DEN-ch 2019"]
[Site "Svendborg"]
[Date "2019.04.15"]
[Round "3.5"]
[White "Ochsner, Bjorn Moller"]
[Black "Olsen, Filip Boe"]
[Result "1-0"]
[ECO "B12"]
[WhiteElo "2486"]
[BlackElo "2414"]
[Annotator "ChessBase"]
[PlyCount "73"]
[EventDate "2019.04.13"]
[EventType "tourn"]
[EventCountry "DEN"]
[SourceTitle "playchess.com"]
[Source "ChessBase"]
[SourceQuality "1"]
[TimeControl "40/5400+30:1800+30"]

1. e4 c6 2. d4 d5 3. e5 c5 4. dxc5 e6 5. a3 Bxc5 6. Nf3 Ne7 7. Bd3 Ng6 8. O-O O-O 9. Re1 Nc6 10. b4 Bb6 11. Bb2 f6 12. exf6 gxf6 13. c4 Nf4 14. Nc3 Nxd3 15. Qxd3 dxc4 16. Qxc4 Nd4 17. Nxd4 Qxd4 18. Qe2 Qf4 19. Rad1 e5 20. Nd5 Qg4 21. Qd2 Be6 22. Nxb6 axb6 23. Re3 Kf7 24. h3 Qh5 25. Qd6 Rac8 26. Rf3 Rfd8 27. Qxd8 Rxd8 28. Rxd8 Ke7 29. Rd2 Qg5 30. Bc1 Qg6 31. Rc3 b5 32. Rc7+ Ke8 33. Kh2 Qb1 34. Rd6 Bc4 35. Be3 Qf5 36. Rxb7 Qe4 37. Rg7 1-0

[Event "DEN-ch 2019"]
[Site "Svendborg"]
[Date "2019.04.16"]
[Round "4.1"]
[White "Antonsen, Mikkel"]
[Black "Chatalbashev, Boris"]
[Result "1/2-1/2"]
[ECO "D07"]
[WhiteElo "2426"]
[BlackElo "2521"]
[Annotator "ChessBase"]
[PlyCount "108"]
[EventDate "2019.04.13"]
[EventType "tourn"]
[EventCountry "DEN"]
[SourceTitle "playchess.com"]
[Source "ChessBase"]
[SourceQuality "1"]
[TimeControl "40/5400+30:1800+30"]

1. d4 d5 2. c4 Nc6 3. Nc3 Nf6 4. Nf3 dxc4 5. e3 e5 6. Bxc4 exd4 7. exd4 Bd6 8. O-O O-O 9. h3 h6 10. a3 Bf5 11. Re1 a6 12. Ne5 Bxe5 13. dxe5 Qxd1 14. Nxd1 Nd7 15. f4 Nb6 16. Ba2 Nd4 17. Ne3 Be6 18. b4 Na4 19. Kh2 Rad8 20. Rf1 Nb3 21. f5 Nxa1 22. fxe6 fxe6 23. Bxe6+ Kh8 24. Bf7 Rd7 25. e6 Re7 26. Rf3 Nb3 27. Nd5 Rxe6 28. Bxe6 Rxf3 29. gxf3 Nxc1 30. Bc8 c6 31. Ne7 a5 32. bxa5 Nb3 33. Bxb7 Nxa5 34. Bxc6 Nc3 35. Be8 g5 36. Nf5 Kg8 37. Nxh6+ Kf8 38. Bh5 Nc4 39. Nf7 Kg7 40. Nxg5 Nxa3 41. h4 Nc4 42. f4 Ne3 43. Bf3 Nb5 44. Be4 Nd4 45. Kg3 Kh6 46. Bb1 Kh5 47. Kh3 Nd5 48. f5 Nf4+ 49. Kg3 Nfe2+ 50. Kf2 Kxh4 51. Ne6 Nxf5 52. Bxf5 Nf4 53. Nxf4 Kg5 54. Bb1 Kxf4 1/2-1/2

[Event "DEN-ch 2019"]
[Site "Svendborg"]
[Date "2019.04.16"]
[Round "4.2"]
[White "Thybo, Jesper Sondergaard"]
[Black "Hansen, Sune Berg"]
[Result "1-0"]
[ECO "D30"]
[WhiteElo "2513"]
[BlackElo "2590"]
[Annotator "ChessBase"]
[PlyCount "63"]
[EventDate "2019.04.13"]
[EventType "tourn"]
[EventCountry "DEN"]
[SourceTitle "playchess.com"]
[Source "ChessBase"]
[SourceQuality "1"]
[TimeControl "40/5400+30:1800+30"]

1. d4 d5 2. c4 e6 3. Nf3 Nf6 4. g3 Bb4+ 5. Bd2 Be7 6. Bg2 O-O 7. O-O c6 8. Qb3 Nbd7 9. Bf4 Nh5 10. Bc1 Nhf6 11. Bf4 Nh5 12. Bc1 Nhf6 13. Nc3 b6 14. Bf4 Bb7 15. cxd5 cxd5 16. Rfc1 Rc8 17. Nb5 Rxc1+ 18. Rxc1 Qa8 19. Nc7 Qd8 20. Ng5 h6 21. Ngxe6 fxe6 22. Nxe6 Qa8 23. Nc7 Qd8 24. e4 Rf7 25. e5 Nh7 26. Nxd5 Ndf8 27. Nxe7+ Qxe7 28. Bxb7 Qxb7 29. e6 Re7 30. Rc7 Rxc7 31. e7+ Kh8 32. Bxc7 1-0

[Event "DEN-ch 2019"]
[Site "Svendborg"]
[Date "2019.04.16"]
[Round "4.3"]
[White "Bjerre, Jonas Buhl"]
[Black "Teplyi, Igor"]
[Result "1-0"]
[ECO "B90"]
[WhiteElo "2470"]
[BlackElo "2418"]
[Annotator "ChessBase"]
[PlyCount "69"]
[EventDate "2019.04.13"]
[EventType "tourn"]
[EventCountry "DEN"]
[SourceTitle "playchess.com"]
[Source "ChessBase"]
[SourceQuality "1"]
[TimeControl "40/5400+30:1800+30"]

1. e4 c5 2. Nf3 d6 3. d4 cxd4 4. Nxd4 Nf6 5. Nc3 a6 6. f3 e5 7. Nb3 Be6 8. Be3 h5 9. Nd5 Bxd5 10. exd5 Nbd7 11. Qd2 g6 12. Be2 Bg7 13. O-O b6 14. c4 O-O 15. Rac1 Re8 16. h3 Nh7 17. Bd1 Rc8 18. Qe2 a5 19. Nd2 Nc5 20. b3 Bf6 21. a3 e4 22. Bc2 Bb2 23. Rce1 Nd3 24. Bxd3 exd3 25. Qf2 Bxa3 26. Bxb6 Qd7 27. Re3 Qf5 28. Ne4 Ng5 29. Qa2 Bb4 30. Qb2 Nxe4 31. fxe4 Qg5 32. Qf2 Rf8 33. Rxd3 Rce8 34. Rf3 Rxe4 35. Rxf7 1-0

[Event "DEN-ch 2019"]
[Site "Svendborg"]
[Date "2019.04.16"]
[Round "4.4"]
[White "Rasmussen, Allan Stig"]
[Black "Ochsner, Bjorn Moller"]
[Result "1-0"]
[ECO "A30"]
[WhiteElo "2541"]
[BlackElo "2486"]
[Annotator "ChessBase"]
[PlyCount "66"]
[EventDate "2019.04.13"]
[EventType "tourn"]
[EventCountry "DEN"]
[SourceTitle "playchess.com"]
[Source "ChessBase"]
[SourceQuality "1"]
[TimeControl "40/5400+30:1800+30"]

1. c4 c5 2. Nf3 Nc6 3. Nc3 g6 4. e3 Nf6 5. d4 cxd4 6. exd4 d5 7. cxd5 Nxd5 8. Qb3 e6 9. Bb5 Bg7 10. O-O O-O 11. Bxc6 bxc6 12. Re1 Qc7 13. h3 Rb8 14. Qd1 Ne7 15. Ne5 Qd8 16. a3 a5 17. Ra2 Bb7 18. Bf4 Nf5 19. b4 axb4 20. axb4 Ba8 21. Ra4 Nxd4 22. Nc4 Rb7 23. Bd6 Re8 24. Bc5 Nb5 25. Ne4 Rd7 26. Qf3 Bb7 27. Bb6 Qb8 28. Nf6+ Bxf6 29. Qxf6 e5 30. Ne3 Re6 31. Ng4 Qf8 32. Bc5 Qg7 33. Rxe5 Qxf6 1-0

[Event "DEN-ch 2019"]
[Site "Svendborg"]
[Date "2019.04.16"]
[Round "4.5"]
[White "Aabling-Thomsen, Jakob"]
[Black "Olsen, Filip Boe"]
[Result "1/2-1/2"]
[ECO "A13"]
[WhiteElo "2358"]
[BlackElo "2414"]
[Annotator "NA"]
[PlyCount "109"]
[EventDate "2019.04.13"]
[EventType "tourn"]
[EventCountry "DEN"]
[SourceTitle "playchess.com"]
[Source "ChessBase"]
[SourceQuality "1"]
[TimeControl "40/5400+30:1800+30"]

1. c4 e6 2. g3 d5 3. Bg2 Nf6 4. Nf3 dxc4 5. Qa4+ c6 6. Qxc4 b5 7. Qc2 Bb7 8. a4 a6 9. O-O Nbd7 10. d3 Be7 11. Nbd2 c5 12. Nb3 O-O 13. Bd2 Rc8 14. Rfc1 c4 15. Na5 cxd3 16. Nxb7 dxc2 17. Nxd8 Rfxd8 18. Ba5 Re8 19. axb5 axb5 20. Nd4 Rc4 21. Nxb5 Rb8 22. b3 Rcc8 23. Na7 Re8 24. Nc6 Rxb3 25. Nxe7+ Rxe7 26. Rxc2 Re8 27. Rac1 h6 28. Rc7 Reb8 29. Bc6 Ne5 30. Ba4 Rb1 31. Rxb1 Rxb1+ 32. Kg2 Rb8 33. Bc3 Ng6 34. Ra7 Rc8 35. Ba1 Nd5 36. h4 Nb6 37. h5 Nf8 38. Bb5 Ra8 39. Rb7 Rxa1 40. Rxb6 g6 41. hxg6 Nxg6 42. Rb8+ Kg7 43. Be8 Ra7 44. f4 h5 45. Bb5 h4 46. Bd3 hxg3 47. Bxg6 Kxg6 48. Kxg3 Ra3+ 49. Kf2 Kf5 50. e3 f6 51. Kf3 e5 52. fxe5 Kxe5 53. Rb5+ Ke6 54. Kf4 Ra6 55. e4 {[%emt 0:00:11] Kd5} 1/2-1/2

[Event "DEN-ch 2019"]
[Site "Svendborg"]
[Date "2019.04.18"]
[Round "6.1"]
[White "Antonsen, Mikkel"]
[Black "Ochsner, Bjorn Moller"]
[Result "1/2-1/2"]
[ECO "E10"]
[WhiteElo "2426"]
[BlackElo "2486"]
[Annotator "ChessBase"]
[PlyCount "88"]
[EventDate "2019.04.13"]
[EventType "tourn"]
[EventCountry "DEN"]
[SourceTitle "playchess.com"]
[Source "ChessBase"]
[SourceQuality "1"]
[TimeControl "40/5400+30:1800+30"]

1. d4 Nf6 2. c4 e6 3. Nf3 d5 4. g3 Bb4+ 5. Bd2 Be7 6. Bg2 O-O 7. O-O Nbd7 8. Qc2 Ne4 9. Nc3 Nxd2 10. Nxd2 c6 11. Rad1 f5 12. e3 g5 13. Ne2 b5 14. b3 bxc4 15. bxc4 Ba6 16. Rfe1 Bb4 17. cxd5 cxd5 18. Qc6 Nb6 19. Qxe6+ Kg7 20. Nf3 Rf6 21. Nxg5 h6 22. Nf4 hxg5 23. Nh5+ Kg6 24. Nxf6 Qxf6 25. Bxd5 Nxd5 26. Qxd5 Rd8 27. Qb3 Bxe1 28. Rxe1 Qc6 29. Rb1 Rd7 30. f3 Bb7 31. Rf1 Qd5 32. Qxd5 Bxd5 33. a3 Re7 34. Kf2 Rb7 35. Re1 Rb2+ 36. Re2 Rb3 37. e4 fxe4 38. fxe4 Bb7 39. Re3 Rb2+ 40. Re2 Rb3 41. Re3 Rb2+ 42. Re2 Rb6 43. d5 Kf6 44. e5+ {[%emt 0:00:00] Kxe5} Ke7 1/2-1/2

[Event "DEN-ch 2019"]
[Site "Svendborg"]
[Date "2019.04.18"]
[Round "6.2"]
[White "Thybo, Jesper Sondergaard"]
[Black "Teplyi, Igor"]
[Result "1-0"]
[ECO "A14"]
[WhiteElo "2513"]
[BlackElo "2418"]
[Annotator "ChessBase"]
[PlyCount "63"]
[EventDate "2019.04.13"]
[EventType "tourn"]
[EventCountry "DEN"]
[SourceTitle "playchess.com"]
[Source "ChessBase"]
[SourceQuality "1"]
[TimeControl "40/5400+30:1800+30"]

1. Nf3 c5 2. c4 Nf6 3. Nc3 d5 4. cxd5 Nxd5 5. g3 Nc6 6. Bg2 e6 7. O-O Be7 8. d4 Nxc3 9. bxc3 O-O 10. e4 b6 11. Re1 Na5 12. h4 Bb7 13. Bf4 cxd4 14. cxd4 Rc8 15. Qe2 Bb4 16. Red1 Bd6 17. Bg5 Qc7 18. Rac1 Qb8 19. e5 Ba3 20. Rxc8 Rxc8 21. Bf4 Qc7 22. d5 Bxd5 23. Rxd5 exd5 24. e6 Qc2 25. exf7+ Kf8 26. Qe6 Qc6 27. Bd6+ Qxd6 28. Qxc8+ Kxf7 29. Ng5+ Ke7 30. Nxh7 d4 31. Bh3 d3 32. Qf8# 1-0

[Event "DEN-ch 2019"]
[Site "Svendborg"]
[Date "2019.04.18"]
[Round "6.3"]
[White "Hansen, Sune Berg"]
[Black "Chatalbashev, Boris"]
[Result "1/2-1/2"]
[ECO "B06"]
[WhiteElo "2590"]
[BlackElo "2521"]
[Annotator "ChessBase"]
[PlyCount "80"]
[EventDate "2019.04.13"]
[EventType "tourn"]
[EventCountry "DEN"]
[SourceTitle "playchess.com"]
[Source "ChessBase"]
[SourceQuality "1"]
[TimeControl "40/5400+30:1800+30"]

1. e4 g6 2. d4 Bg7 3. Nf3 d6 4. c3 Nf6 5. Bd3 O-O 6. O-O Nbd7 7. Re1 e5 8. Nbd2 b6 9. a4 a6 10. Nf1 Bb7 11. Ng3 Re8 12. Bd2 d5 13. exd5 exd4 14. Rxe8+ Qxe8 15. Nxd4 Ne5 16. Be2 Bxd5 17. Bf4 h5 18. Nf3 Nxf3+ 19. Bxf3 Qc6 20. Bxd5 Nxd5 21. Qf3 Qc4 22. Nf1 Re8 23. Ne3 Qxf4 24. Qxd5 h4 25. g3 Qf6 26. Rd1 h3 27. Qd7 Qe6 28. Qxe6 Rxe6 29. Rd8+ Bf8 30. Kf1 Kg7 31. Nd5 Rd6 32. Rxd6 Bxd6 33. Ke2 g5 34. Ne3 Kg6 35. Nc4 Be7 36. b4 f5 37. Ne3 Bd6 38. Nc4 Be7 39. Ne3 Bd6 40. Nc4 Be7 1/2-1/2

[Event "DEN-ch 2019"]
[Site "Svendborg"]
[Date "2019.04.18"]
[Round "6.4"]
[White "Bjerre, Jonas Buhl"]
[Black "Olsen, Filip Boe"]
[Result "1-0"]
[ECO "B12"]
[WhiteElo "2470"]
[BlackElo "2414"]
[Annotator "ChessBase"]
[PlyCount "69"]
[EventDate "2019.04.13"]
[EventType "tourn"]
[EventCountry "DEN"]
[SourceTitle "playchess.com"]
[Source "ChessBase"]
[SourceQuality "1"]
[TimeControl "40/5400+30:1800+30"]

1. e4 c6 2. d4 d5 3. e5 c5 4. dxc5 e6 5. Nf3 Bxc5 6. a3 Ne7 7. Bd3 Ng6 8. O-O O-O 9. Ng5 Be7 10. Qh5 Bxg5 11. Bxg5 Qb6 12. Nd2 Nd7 13. Nf3 Re8 14. Be3 Qc7 15. Ng5 Ndf8 16. f4 h6 17. Nf3 Bd7 18. Rac1 a6 19. c4 dxc4 20. Bxc4 Qb8 21. Nd4 Ne7 22. Rfd1 Rc8 23. Qh4 b5 24. Ba2 Nfg6 25. Qe1 Qb7 26. Nb3 Rxc1 27. Rxc1 Nf5 28. Nc5 Qa7 29. Bf2 Nxf4 30. Qd2 Nd5 31. Nxe6 Nde3 32. Rc7 Qb6 33. Qxd7 fxe6 34. Bxe6+ Kh8 35. Bxf5 1-0

[Event "DEN-ch 2019"]
[Site "Svendborg"]
[Date "2019.04.18"]
[Round "6.5"]
[White "Aabling-Thomsen, Jakob"]
[Black "Rasmussen, Allan Stig"]
[Result "1/2-1/2"]
[ECO "A25"]
[WhiteElo "2358"]
[BlackElo "2541"]
[Annotator "ChessBase"]
[PlyCount "179"]
[EventDate "2019.04.13"]
[EventType "tourn"]
[EventCountry "DEN"]
[SourceTitle "playchess.com"]
[Source "ChessBase"]
[SourceQuality "1"]
[TimeControl "40/5400+30:1800+30"]

1. c4 e5 2. g3 Nc6 3. Bg2 g6 4. Nc3 Bg7 5. h4 h5 6. Rb1 Nh6 7. b4 d6 8. b5 Nd4 9. d3 O-O 10. Bg5 f6 11. Bd2 Ng4 12. Nh3 f5 13. Bg5 Bf6 14. e3 Ne6 15. Bxf6 Rxf6 16. Qd2 Rf8 17. Nd5 Bd7 18. f3 Nh6 19. e4 Kg7 20. Ng5 Nd4 21. O-O c6 22. bxc6 bxc6 23. Ne3 f4 24. Nc2 Nxc2 25. Qxc2 fxg3 26. Rb7 Nf7 27. f4 Nxg5 28. fxg5 Rb8 29. Rxf8 Kxf8 30. Rxb8 Qxb8 31. c5 Ke7 32. d4 Qb4 33. cxd6+ Kxd6 34. dxe5+ Kxe5 35. Qc1 Be6 36. Qf1 Qd4+ 37. Kh1 Qf2 38. Qc1 c5 39. Qc3+ Kf4 40. Qf6+ Ke3 41. Qc3+ Kf4 42. Qf6+ Bf5 43. Qd6+ Kg4 44. Qd1+ Kxh4 45. exf5 Qxf5 46. Qe2 Kxg5 47. Qe7+ Kf4 48. Qh4+ Qg4 49. Qf6+ Qf5 50. Qh4+ Ke3 51. Qxg3+ Kd4 52. Qb8 c4 53. Qxa7+ Kd3 54. Qa6 g5 55. Qd6+ Ke3 56. Qb6+ Kd2 57. Qd4+ Qd3 58. Qb2+ Kd1 59. Qa1+ Kc2 60. Qe1 Kb2 61. Be4 Qh3+ 62. Kg1 Kxa2 63. Qd2+ Ka3 64. Qa5+ Kb3 65. Qb5+ Kc3 66. Qe5+ Kb4 67. Qd6+ Kb3 68. Qd1+ Kc3 69. Qa1+ Kb4 70. Qd4 Qg3+ 71. Kh1 Qh3+ 72. Kg1 Qg3+ 73. Kh1 Qf4 74. Qb6+ Kc3 75. Qc6 h4 76. Bg2 g4 77. Qc5 Qd4 78. Qa3+ Kd2 79. Qb4+ Qc3 80. Qd6+ Kc1 81. Qf4+ Kb2 82. Qxg4 Qe1+ 83. Kh2 c3 84. Qb4+ Kc1 85. Qf4+ Qd2 86. Qxd2+ cxd2 87. Bf3 d1=Q 88. Bxd1 Kxd1 89. Kh3 Kd2 90. Kxh4 1/2-1/2

[Event "DEN-ch 2019"]
[Site "Svendborg"]
[Date "2019.04.19"]
[Round "7.2"]
[White "Ochsner, Bjorn Moller"]
[Black "Thybo, Jesper Sondergaard"]
[Result "0-1"]
[ECO "C63"]
[WhiteElo "2486"]
[BlackElo "2513"]
[Annotator "ChessBase"]
[PlyCount "102"]
[EventDate "2019.04.13"]
[EventType "tourn"]
[EventCountry "DEN"]
[SourceTitle "playchess.com"]
[Source "ChessBase"]
[SourceQuality "1"]
[TimeControl "40/5400+30:1800+30"]

1. e4 e5 2. Nf3 Nc6 3. Bb5 f5 4. d3 fxe4 5. dxe4 Nf6 6. O-O d6 7. Be3 Be7 8. Bc4 Na5 9. Be2 O-O 10. b4 Nc6 11. b5 Nb8 12. Bc4+ Kh8 13. Ng5 Qe8 14. Nc3 Qg6 15. Qf3 c6 16. Qg3 Nh5 17. Nf7+ Qxf7 18. Bxf7 Rxf7 19. Qf3 Rxf3 20. gxf3 Be6 21. bxc6 Nxc6 22. Rfd1 b6 23. a4 Bc4 24. Nb5 Rd8 25. Rd2 Nf4 26. Bxf4 exf4 27. Rad1 Ne5 28. Kg2 Bf7 29. Nxa7 Bh5 30. Rb1 Bxf3+ 31. Kf1 Bxe4 32. Rxb6 Nc4 33. Rd4 Nxb6 34. Rxe4 Bf6 35. Nc6 Ra8 36. a5 Nd7 37. Re6 Ne5 38. Rxd6 Nc4 39. Rd5 Kg8 40. Ke2 Ra6 41. Rc5 f3+ 42. Kd1 Nd6 43. Nb4 Ra8 44. a6 Ne4 45. Rc4 Nxf2+ 46. Ke1 Nh3 47. Rc7 Bh4+ 48. Kf1 Re8 49. Nd3 Nf4 50. Rc4 Nxd3 51. Rxh4 Re1# 0-1

[Event "DEN-ch 2019"]
[Site "Svendborg"]
[Date "2019.04.19"]
[Round "7.3"]
[White "Teplyi, Igor"]
[Black "Hansen, Sune Berg"]
[Result "0-1"]
[ECO "D90"]
[WhiteElo "2418"]
[BlackElo "2590"]
[Annotator "ChessBase"]
[PlyCount "94"]
[EventDate "2019.04.13"]
[EventType "tourn"]
[EventCountry "DEN"]
[SourceTitle "playchess.com"]
[Source "ChessBase"]
[SourceQuality "1"]
[TimeControl "40/5400+30:1800+30"]

1. d4 Nf6 2. c4 g6 3. Nc3 d5 4. Nf3 Bg7 5. h3 O-O 6. cxd5 Nxd5 7. e4 Nxc3 8. bxc3 c5 9. Be2 cxd4 10. cxd4 Nc6 11. Be3 f5 12. exf5 Qa5+ 13. Qd2 Qxd2+ 14. Kxd2 Bxf5 15. Rhd1 Rac8 16. Rac1 Be6 17. Bc4 Nxd4 18. Bxe6+ Nxe6 19. Bxa7 Ra8 20. Be3 Rxa2+ 21. Ke1 Rb8 22. Rd7 Bf6 23. Bb6 Kf7 24. Rb1 Ke8 25. Rd3 Nf4 26. Rdb3 Rc8 27. Kf1 Rcc2 28. Ne1 Rcb2 29. g3 Nd5 30. R1xb2 Rxb2 31. Rxb2 Bxb2 32. Ba5 Bc3 33. Bxc3 Nxc3 34. Nd3 Kd7 35. Ke1 Kd6 36. Kd2 Ne4+ 37. Ke3 Nc5 38. Nb4 Na6 39. Nd3 Kd5 40. Nf4+ Kc4 41. Ne6 Nb4 42. g4 Nd5+ 43. Ke4 b5 44. Nd4 Nf6+ 45. Ke5 Nd7+ 46. Ke4 Nc5+ 47. Ke3 b4 0-1